 Dungeon Crawl Stone Soup version 0.21.1-1-g345015fe64 (webtiles) character file.

92745 koczy the Warrior (level 15, -9/116 HPs)
             Began as a Minotaur Berserker on July 13, 2018.
             Was the Champion of Trog.
             Mangled by a tentacled starspawn (24 damage)
             ... on level 3 of the Abyss on July 14, 2018.
             The game lasted 04:36:11 (24902 turns).

koczy the Warrior (Minotaur Berserker)             Turns: 24902, Time: 04:36:12

Health: -9/116     AC: 29    Str: 24    XL:     15   Next: 58%
Magic:  17/17      EV:  8    Int:  7    God:    Trog [******]
Gold:   1607       SH:  0    Dex: 10    Spells: 14/14 levels left

rFire    + . .     SeeInvis .   a - +5 great mace (drain)
rCold    + . .     Gourm    .   (shield currently unavailable)
rNeg     . . .     Faith    .   S - +3 plate armour {rC+}
rPois    .         Spirit   .   X - +1 hat {Int+3}
rElec    .         Reflect  .   k - +0 cloak
rCorr    .         Harm     .   A - +1 pair of gloves {archery}
MR       +....                  r - +0 pair of boots
Stlth    ..........             n - amulet of regeneration
HPRegen  0.69/turn              q - +3 ring of protection
MPRegen  0.15/turn              V - ring of the Komtur {+Fly rF+}

@: about to teleport
A: retaliatory headbutt, horns 2, [clumsy 2], [deterioration 2], [frail 2],
[subdued magic 2], [MP-powered wands]
a: Berserk, Trog's Hand, Brothers in Arms, Burn Spellbooks, Renounce Religion,
Evoke Flight


You were on level 3 of the Abyss.
You worshipped Trog.
Trog was exalted by your worship.
You were hungry.

You visited 4 branches of the dungeon, and saw 24 of its levels.
You visited the Abyss 1 time.
You also visited: Ossuary.

You collected 2246 gold pieces.
You spent 639 gold pieces at shops.

Inventory:

Hand Weapons
 a - a +5 great mace of draining (weapon)
 b - a +3 longbow of flaming
 g - a +4 dire flail of protection
 G - a +2 longbow of freezing
 I - a +4 antimagic triple sword
 N - a +2 flail of holy wrath
 Q - a +2 whip of venom
Missiles
 j - 408 arrows
 O - 3 tomahawks of returning (quivered)
Armour
 h - the -4 hat of the Quahog {-Cast rN++ rCorr SInv}
   (You acquired it on level 14 of the Dungeon)

   It greatly protects you from negative energy.
   It lets you see invisible.
   It prevents spellcasting.
   It protects you from acid and corrosion.
 k - a +0 cloak (worn)
 r - a +0 pair of boots (worn)
 A - a +1 pair of gloves of archery (worn)
 B - +0 acid dragon scales
 E - a +2 shield of protection
 S - a +3 plate armour of cold resistance (worn)
 X - a +1 hat of intelligence (worn)
Jewellery
 n - an amulet of regeneration (around neck)
 o - an uncursed ring of see invisible
 q - a +3 ring of protection (left hand)
 V - the ring of the Komtur (right hand) {+Fly rF+}
   (You found it on level 3 of the Lair of Beasts)

   [ring of flight]

   It protects you from fire.
   It lets you fly.
Wands
 i - a wand of paralysis (29)
 m - a wand of scattershot (11)
 w - a wand of polymorph (13)
 K - a wand of acid (25)
 L - a wand of random effects (34)
 M - a wand of iceblast (14)
 T - a wand of disintegration (6)
 Z - a wand of enslavement (26)
Scrolls
 f - 4 scrolls of enchant armour
 t - a scroll of magic mapping
 u - 5 scrolls of fog
 y - a scroll of silence {unknown}
 C - 8 scrolls of teleportation
 F - a scroll of blinking
 H - 2 scrolls of identify
 J - 7 scrolls of remove curse
 P - a scroll of enchant weapon
Potions
 d - 3 potions of might
 e - 4 potions of flight
 l - 4 potions of haste
 p - 3 potions of curing
 v - a potion of cancellation
 x - a potion of brilliance
 z - a potion of berserk rage
 W - 2 potions of invisibility
 Y - a potion of resistance
Miscellaneous
 D - a lightning rod (2/4)
 R - a fan of gales (inert)
Comestibles
 c - 19 rations


   Skills:
 + Level 16.5 Fighting
 - Level 16.0 Maces & Flails
   Level 2.0 Slings
 * Level 15.2 Bows
 + Level 15.2 Armour
 - Level 2.2 Dodging
 - Level 0.2 Stealth
 + Level 1.2 Shields
 * Level 4.3 Evocations


You had 14 spell levels left.
You didn't know any spells.

Dungeon Overview and Level Annotations

Branches:
Dungeon (15/15)            Temple (1/1) D:5            Lair (6/6) D:8
  Swamp (0/4) Lair:4        Snake (0/4) Lair:4        Slime (0/5) Lair:5
    Orc (2/2) D:12            Elf (0/3) Orc:2        Vaults (0/5) D:13
 Depths: D:15

Altars:
Kikubaaqudgha
Okawaru
Vehumet
Wu Jian
Yredelemnul
Beogh
Jiyva

Shops:
D:14 %   D:15 ?   Orc:1 *   Orc:2 ((!:

Portals:
Trove: D:14 (give +3 ice dragon scales)

Annotations:
Lair:3 Sonja


Innate Abilities, Weirdness & Mutations

You reflexively headbutt those who attack you in melee.
You have a pair of horns on your head.
[You are very clumsy. (Dex -4)]
[Your body often deteriorates upon taking damage.]
[You are very frail. (-20% HP)]
[Your spells are easier to cast, but less powerful.]
[You expend magic power (3 MP) to strengthen your wands.]


Message History

The tentacled starspawn engulfs you but does no damage.
Evoke which item? (* to show all) (? for menu, Esc to quit)
A fierce wind blows from the fan.
The wretched star is blown away by the wind.
The wretched star pulses with an eldritch light!
You feel clumsy. x2; You feel yourself wasting away.
You feel your body start to fall apart.
You feel better.
The swamp dragon bites you but does no damage.
The swamp dragon claws you.
* * * LOW HITPOINT WARNING * * *
The swamp dragon barely misses you. The tentacled starspawn bites you.
* * * LOW HITPOINT WARNING * * *
The tentacled starspawn engulfs you but does no damage.
You feel better.
The swamp dragon bites you but does no damage.
The swamp dragon claws you but does no damage.
The swamp dragon tramples you but does no damage.
The tentacled starspawn bites you!!
You die...

#..#... .# . w
..#..#..# # ##
#.. {... .. .
##. #* #
.......dw## ..
## .d#######
##.
#..##..*....###
###d#..#..# .##
#@D*####.t...#
§ # ##X##.
.#.#.......
###§.###.#. #
.. #. # #.#.. .
# #.### . .
.... . d . . #
# .## .


You could see a black draconian, a tentacled starspawn, a wretched star and a
swamp dragon.

Vanquished Creatures
  Gastronok (Lair:3)
  Erolcha (D:11)
  A vault guard (D:13)
  Josephine (Orc:1)
  A catoblepas (Lair:6)
  5 hydras
  A death knight (D:14)
  3 centaur warriors
  2 ogre magi (Orc:2)
  7 death yaks
  A queen ant (Lair:3)
  3 tengu warriors (D:15)
  6 two-headed ogres
  A deep troll shaman (Lair:6)
  Nergalle (Orc:2)
  5 skeletal warriors
  3 unseen horrors
  A wizard (D:13)
  3 phantasmal warriors
  2 necromancers (D:13)
  9 ugly things
  An orc knight (Orc:2)
  7 orc sorcerers (Orc:2)
  2 deep elf magi
  A wolf spider (D:15)
  4 manticores (D:15)
  5 cyclopes
  Maurice (D:8)
  3 elephants (Lair:6)
  4 black mambas
  Psyche (D:12)
  9 spiny frogs
  A gargoyle (D:15)
  A rime drake (Lair:5)
  5 kobold demonologists
  A large abomination (Abyss:3)
  2 efreet (D:15)
  10 komodo dragons
  2 yaktaurs (D:13)
  A tengu conjurer (D:14)
  7 trolls
  Grinder (D:4)
  10 blink frogs
  6 slime creatures (D:14)
  3 polar bears
  A blink frog (shapeshifter) (D:13)
  13 hippogriffs
  15 dream sheep
  6 wraiths
  A vampire (D:11)
  A shadow (D:15)
  Eustachio (D:5)
  19 humans
  A wyvern (D:14)
  A hungry ghost (D:13)
  30 yaks
  2 fire bats (Lair:1)
  8 basilisks
  A steam dragon (D:7)
  3 nagas (Lair:4)
  2 wargs
  21 soldier ants
  3 acid dragons
  8 water moccasins
  2 hell hounds (Lair:6)
  4 porcupines
  8 orc warriors
  3 phantoms
  5 ice beasts
  3 black bears
  2 eyes of draining
  3 sky beasts
  19 wolves
  2 necrophages
  8 centaurs
  10 crocodiles
  15 ogres
  3 big kobolds
  11 bullfrogs
  An elf zombie (Ossuary)
  2 scorpions
  20 wights
  27 killer bees
  5 howler monkeys
  A bullfrog zombie (D:11)
  9 crimson imps
  4 centaur zombies
  4 quasits
  A human zombie (Ossuary)
  15 orc priests
  2 bullfrog skeletons
  3 centaur skeletons
  6 hounds
  5 jellies
  37 orc wizards
  2 gnoll shamans
  6 iguanas
  26 worker ants
  2 big kobold zombies (Ossuary)
  4 hound zombies
  3 mummies (Ossuary)
  17 gnolls
  9 adders
  2 shadow imps
  An ooze (D:4)
  6 adder zombies
  3 worms
  9 dart slugs
  3 leopard geckos
  88 orcs
  10 bats
  4 giant cockroaches
  3 goblins (D:1)
  7 hobgoblins
  14 jackals
  28 kobolds
  8 quokkas
  A ball python (D:4)
  5 frilled lizards
  3 gnoll zombies (Ossuary)
  2 goblin zombies (Ossuary)
  5 hobgoblin zombies (Ossuary)
  2 jackal zombies (Ossuary)
  2 kobold zombies (Ossuary)
  2 leopard gecko zombies
  An orc zombie (Ossuary)
  2 quokka zombies
  A rat (D:3)
  8 rat zombies
  A fungus (Lair:6)
  A plant (Lair:2)
814 creatures vanquished.

Vanquished Creatures (collateral kills)
  A wight (D:7)
1 creature vanquished.

Vanquished Creatures (others)
  2 orc wizards
  An orc (D:12)
  2 fungi (Lair:3)
  A plant (Lair:3)
  4 starspawn tentacles (Abyss:3)
10 creatures vanquished.

Grand Total: 825 creatures vanquished

Notes
Turn   | Place    | Note
-------+----------+-------------------------------------------
     0 | D:1      | koczy the Minotaur Berserker began the quest for the Orb.
     0 | D:1      | Reached XP level 1. HP: 19/19 MP: 0/0
   617 | D:1      | Reached XP level 2. HP: 25/27 MP: 1/1
  1350 | D:1      | Reached ** piety under Trog
  1352 | D:1      | Reached XP level 3. HP: 28/33 MP: 2/2
  1978 | D:2      | Reached skill level 5 in Maces & Flails
  2179 | D:2      | Reached XP level 4. HP: 36/41 MP: 3/3
  2512 | D:3      | Reached skill level 1 in Slings
  3243 | D:3      | Reached *** piety under Trog
  3283 | D:3      | Reached XP level 5. HP: 44/47 MP: 4/4
  3878 | D:4      | Found an iron altar of Okawaru.
  3901 | D:4      | Reached skill level 5 in Fighting
  4188 | D:4      | Reached XP level 6. HP: 52/56 MP: 5/5
  4219 | D:4      | Noticed Grinder
  4240 | D:4      | Killed Grinder
  4330 | D:4      | Reached skill level 5 in Armour
  4330 | D:4      | Reached XP level 7. HP: 62/62 MP: 6/6
  4464 | D:5      | Entered Level 5 of the Dungeon
  4722 | D:5      | Reached **** piety under Trog
  4863 | D:5      | Reached XP level 8. HP: 71/71 MP: 7/7
  5043 | D:5      | Noticed Eustachio
  5056 | D:5      | Killed Eustachio
  5155 | D:5      | Found a staircase to the Ecumenical Temple.
  5160 | Temple   | Entered the Ecumenical Temple
  5386 | D:6      | Noticed a hippogriff
  5396 | D:6      | Killed a hippogriff
  5714 | D:6      | Reached skill level 1 in Bows
  6065 | D:7      | Reached skill level 10 in Maces & Flails
  6065 | D:7      | Reached XP level 9. HP: 81/81 MP: 8/8
  6163 | D:7      | Found a sand-covered staircase.
  6170 | Ossuary  | Entered an ossuary
  6630 | D:7      | Reached ***** piety under Trog
  7496 | D:8      | Reached XP level 10. HP: 77/91 MP: 9/9
  7571 | D:8      | Found a staircase to the Lair.
  8112 | D:8      | Noticed Maurice
  8205 | D:8      | Killed Maurice
  8205 | D:8      | Reached skill level 5 in Bows
  8283 | D:9      | Received a gift from Trog
  8596 | D:9      | Found a basalt altar of Yredelemnul.
  8855 | D:9      | Noticed a two-headed ogre
  8863 | D:9      | Killed a two-headed ogre
  8863 | D:9      | Reached skill level 10 in Fighting
  9161 | D:10     | Entered Level 10 of the Dungeon
  9525 | D:10     | Killed an unseen horror
  9769 | D:10     | Reached XP level 11. HP: 99/101 MP: 6/10
  9893 | D:10     | Killed an unseen horror
 10102 | D:10     | Noticed a two-headed ogre
 10115 | D:10     | Killed a two-headed ogre
 10229 | D:10     | Received a gift from Trog
 10260 | D:10     | Reached skill level 10 in Armour
 10611 | D:11     | Noticed a green ugly thing
 10619 | D:11     | Killed a green ugly thing
 10810 | D:11     | Noticed a centaur warrior
 10821 | D:11     | Killed a centaur warrior
 10845 | D:11     | Noticed a phantasmal warrior
 10856 | D:11     | Killed a phantasmal warrior
 11018 | D:11     | Noticed a two-headed ogre
 11026 | D:11     | Killed a two-headed ogre
 11208 | D:11     | Killed an unseen horror
 11543 | D:12     | Noticed Erolcha
 11833 | Lair:1   | Entered Level 1 of the Lair of Beasts
 11899 | Lair:1   | Noticed an eight-headed hydra
 11913 | Lair:1   | Killed an eight-headed hydra
 12821 | Lair:2   | Reached XP level 12. HP: 105/112 MP: 11/11
 12840 | Lair:2   | Identified the Reference Book on the Escort
 13725 | Lair:3   | Got a flickering lead ring
 13726 | Lair:3   | Identified the ring of the Komtur {+Fly rF+} (You found it on level 3 of the Lair of Beasts)
 13754 | Lair:3   | Reached skill level 15 in Maces & Flails
 13949 | Lair:3   | Noticed a queen ant
 13958 | Lair:3   | Killed a queen ant
 14341 | Lair:3   | Noticed Gastronok
 14359 | Lair:3   | Killed Gastronok
 14626 | Lair:3   | Reached ****** piety under Trog
 14756 | Lair:3   | Noticed Sonja
 14759 | Lair:3   | Found an ornate altar of the Wu Jian Council.
 14999 | Lair:4   | Noticed a five-headed hydra
 15005 | Lair:3   | Killed a five-headed hydra
 15069 | Lair:4   | Found a staircase to the Swamp.
 15144 | Lair:4   | Received a gift from Trog
 15144 | Lair:4   | Reached XP level 13. HP: 123/123 MP: 12/12
 15212 | Lair:4   | Found a staircase to the Snake Pit.
 16101 | Lair:5   | Found a viscous altar of Jiyva.
 16101 | Lair:5   | Found a staircase to the Slime Pits.
 17149 | Lair:6   | Entered Level 6 of the Lair of Beasts
 17198 | Lair:6   | Found a frozen archway.
 17222 | Lair:6   | Received a gift from Trog
 17513 | Lair:6   | Reached skill level 10 in Bows
 17553 | Lair:6   | Reached skill level 15 in Fighting
 17569 | Lair:6   | Reached skill level 1 in Shields
 17750 | Lair:6   | Reached XP level 14. HP: 110/135 MP: 13/13
 18187 | Lair:6   | Received a gift from Trog
 18628 | D:11     | Killed Erolcha
 18774 | D:12     | Found a staircase to the Orcish Mines.
 18836 | D:12     | Identified the Disquisition on Feathers and Creation
 19228 | D:12     | Received a gift from Trog
 19267 | D:12     | Noticed Psyche
 19277 | D:12     | Killed Psyche
 19668 | Orc:1    | Entered Level 1 of the Orcish Mines
 19668 | Orc:1    | Found Udagegh's Assorted Antiques.
 19679 | Orc:1    | Noticed Josephine
 19723 | Orc:1    | Killed Josephine
 19811 | Orc:1    | Bought a scroll of identify for 54 gold pieces
 19811 | Orc:1    | Bought a scroll of identify for 54 gold pieces
 19811 | Orc:1    | Bought a potion of curing for 81 gold pieces
 19811 | Orc:1    | Bought a potion of curing for 81 gold pieces
 19811 | Orc:1    | Bought a potion of curing for 81 gold pieces
 19932 | Orc:2    | Entered Level 2 of the Orcish Mines
 20042 | Orc:2    | Found a staircase to the Elven Halls.
 20166 | Orc:2    | Received a gift from Trog
 20167 | Orc:2    | Got an encrusted great sword {god gift}
 20168 | Orc:2    | Identified the +2 great sword "Cemysmod" {freeze, MR+} (Trog gifted it to you on level 2 of the Orcish Mines)
 20597 | Orc:2    | Found Boif's Book Shoppe.
 20626 | Orc:2    | Found Caikion's Antique Weapon Emporium.
 20685 | Orc:2    | Found an ancient bone altar of Kikubaaqudgha.
 20686 | Orc:2    | Noticed Nergalle
 20701 | Orc:2    | Killed Nergalle
 20707 | Orc:2    | Reached skill level 1 in Evocations
 20731 | Orc:2    | Found Akenk's Antique Weapon Emporium.
 20759 | Orc:2    | Received a gift from Trog
 20791 | Orc:2    | Found a radiant altar of Vehumet.
 20828 | Orc:2    | Found a roughly hewn altar of Beogh.
 20830 | Orc:2    | Found Meegaiveyll's Distillery.
 20842 | Orc:2    | Bought a potion of curing for 48 gold pieces
 20842 | Orc:2    | Bought a potion of heal wounds for 80 gold pieces
 20842 | Orc:2    | Bought a potion of resistance for 160 gold pieces
 22108 | D:13     | Received a gift from Trog
 22247 | D:13     | Found a gate to the Vaults.
 22520 | D:14     | Identified a scroll of acquirement
 22524 | D:14     | Got a faintly humming hat
 22535 | D:14     | Identified the -4 hat of the Quahog {-Cast rN++ rCorr SInv} (You acquired it on level 14 of the Dungeon)
 22581 | D:14     | Reached XP level 15. HP: 138/144 MP: 16/16
 22594 | D:14     | Received a gift from Trog
 22862 | D:14     | Found Xozib's Food Emporium.
 23106 | D:14     | Found a portal to a secret trove of treasure.
 23944 | D:15     | Entered Level 15 of the Dungeon
 23944 | D:15     | Found Xeong's Magic Scroll Boutique.
 24102 | D:15     | Reached skill level 15 in Armour
 24561 | D:15     | Received a gift from Trog
 24569 | D:15     | Reached skill level 15 in Bows
 24727 | D:15     | Received a gift from Trog
 24814 | D:15     | Cast into level 3 of the Abyss (a wizard)
 24883 | Abyss:3  | Noticed a tentacled starspawn
 24899 | Abyss:3  | HP: 3/116 [tentacled starspawn (13)]
 24902 | Abyss:3  | Mangled by a tentacled starspawn

Skill      XL: |  1  2  3  4  5  6  7  8  9 10 11 12 13 14 15 |
---------------+----------------------------------------------+-----
Maces & Flails | 4 5 6 8 10 12 13 14 16 | 16.0
Fighting       | 4 5 6 8 9 10 11 13 15 16 | 16.5
Slings         | 2 |  2.0
Armour         | 3 4 5 7 8 9 11 13 14 15 | 15.2
Bows           | 1 4 5 10 13 15 | 15.2
Shields        | 1 |  1.2
Evocations     | 2 4 |  4.3
Dodging        | |  2.2
Stealth        | |  0.2

Action                   |  1- 3 |  4- 6 |  7- 9 | 10-12 | 13-15 || total
-------------------------+-------+-------+-------+-------+-------++-------
Melee: Mace              |    73 |    83 |    93 |       |       ||   249
       Headbutt          |     5 |    12 |    82 |   181 |   168 ||   448
       Morningstar       |       |       |   252 |   201 |       ||   453
       Flail             |       |       |    20 |    54 |    81 ||   155
       Whip              |       |       |       |   302 |       ||   302
       Dire flail        |       |       |       |   270 |   218 ||   488
       Great mace        |       |       |       |       |   406 ||   406
       Glaive            |       |       |       |       |     4 ||     4
 Fire: Hunting sling     |    16 |    43 |    49 |       |       ||   108
       Shortbow          |       |       |     4 |    41 |       ||    45
       Longbow           |       |       |       |       |   484 ||   484
Throw: Tomahawk          |       |       |     2 |    47 |    23 ||    72
Invok: Berserk           |       |     2 |     4 |     5 |     2 ||    13
       Trog's Hand       |       |     1 |       |     1 |       ||     2
       Brothers in Arms  |       |       |     2 |       |       ||     2
       Burn Spellbooks   |       |       |       |     4 |     3 ||     7
Evoke: Wand              |       |       |       |       |     4 ||     4
       Lightning rod     |       |       |       |       |     3 ||     3
       Fan of gales      |       |       |       |       |     1 ||     1
  Use: Scroll            |       |     7 |     5 |     6 |    12 ||    30
       Potion            |       |       |     1 |    10 |     5 ||    16
  Eat: Chunk             |     4 |     5 |    11 |     8 |    14 ||    42
       Ration            |       |     1 |     2 |     6 |     6 ||    15
Armor: Animal skin       |     4 |       |       |       |       ||     4
       Leather armour    |     9 |     3 |       |       |       ||    12
       Chain mail        |       |    20 |   178 |   218 |       ||   416
       Ring mail         |       |     6 |       |       |       ||     6
       Plate armour      |       |       |       |   321 |   624 ||   945
Dodge: Dodged            |    50 |    37 |   134 |   299 |   336 ||   856
Block: Shield            |       |       |       |       |    18 ||    18
